 Dungeon Crawl Stone Soup version 0.25-a0-942-g87a53962fc (webtiles) character file.

Game seed: 14986531090362232168, levelgen mode: deterministic

12211 Chiseanne the Protected (level 11, -2/86 HPs)
             Began as a Gnoll Wanderer on May 6, 2020.
             Was an Initiate of Gozag.
             Slain by a five-headed hydra (11 damage)
             ... on level 3 of the Lair of Beasts.
             The game lasted 00:46:13 (7838 turns).

Chiseanne the Protected (Gnoll Wanderer)            Turns: 7838, Time: 00:46:14

Health: -2/86      AC: 16    Str: 22    XL:     11   Next: 89%
Magic:  20/20      EV: 12    Int: 21    God:    Gozag
Gold:   1126       SH: 11    Dex: 13    Spells: 18/23 levels left

rFire    + + .     SeeInvis .   s - +3 mace "Chiseanne's Death" {freeze, rElec Str+6}
rCold    + . .     Gourm    .   K - +0 kite shield
rNeg     . . .     Faith    .   i - +4 scale mail {rF+}
rPois    .         Spirit   .   q - +1 helmet {Int+3}
rElec    +         Reflect  .   (no cloak)
rCorr    .         Harm     .   t - +0 pair of gloves
MR       .....                  (no boots)
Stlth    ++........             p - amulet of regeneration
HPRegen  0.64/turn              l - ring of protection from cold
MPRegen  0.17/turn              c - ring of protection from fire

@: about to teleport, gold aura
A: distributed training, fangs 1, strong nose
a: Potion Petition, Call Merchant, Bribe Branch, Renounce Religion


You were on level 3 of the Lair of Beasts.
You worshipped Gozag.
Gozag was most pleased with you.
You were full.

You visited 3 branches of the dungeon, and saw 12 of its levels.
You also visited: Bailey.

You collected 2172 gold pieces.
You spent 496 gold pieces at shops.
You paid 550 gold pieces to Gozag.

Inventory:

Hand Weapons
 a - a +7 long sword of protection
 s - the +3 mace "Chiseanne's Death" (weapon) {freeze, rElec Str+6}
   (You found it in a bailey)

   It has been specially enchanted to freeze those struck by it, causing extra
   injury to most foes and up to half again as much damage against particularly
   susceptible opponents.
   It can also slow down cold-blooded creatures.
   It affects your strength (+6).
   It insulates you from electricity.
 w - a +0 fustibalus
 G - a +0 flail of holy wrath
Missiles
 b - 2 javelins
 g - 59 sling bullets
 h - 2 atropa-tipped darts
 n - 19 poisoned darts (quivered)
 o - 64 bolts
 u - 15 boomerangs
 v - 7 silver javelins
 z - 7 throwing nets
Armour
 i - a +4 scale mail of fire resistance (worn)
 q - a +1 helmet of intelligence (worn)
 t - a +0 pair of gloves (worn)
 H - a +0 leather armour of poison resistance
 K - a +0 kite shield (worn)
Jewellery
 c - a ring of protection from fire (right hand)
 l - a ring of protection from cold (left hand)
 p - an amulet of regeneration (around neck)
 B - an uncursed amulet of rage {unknown}
Wands
 C - a wand of flame (24)
 I - a wand of random effects (42)
Scrolls
 d - 2 scrolls of teleportation
 y - a scroll of amnesia
 J - 7 scrolls of remove curse
Potions
 k - a potion of brilliance {unknown}
 m - a potion of berserk rage
 r - a potion of degeneration {unknown}
 x - a potion of flight {unknown}
 A - a potion of lignification {unknown}
 E - 2 potions of haste {unknown}
 F - a potion of mutation {unknown}
 L - a potion of stabbing {unknown}
Comestibles
 f - 8 rations


   Skills:
 + Level 8.1 Fighting
 + Level 6.6 Short Blades
 + Level 6.6 Long Blades
 + Level 6.6 Axes
 + Level 6.6 Maces & Flails
 + Level 6.6 Polearms
 + Level 6.6 Staves
 + Level 6.6 Slings
 + Level 8.1 Bows
 + Level 6.6 Crossbows
 + Level 7.1 Throwing
 + Level 10.7 Armour
 + Level 6.6 Dodging
 + Level 6.6 Stealth
 + Level 7.1 Shields
 + Level 6.6 Unarmed Combat
 + Level 6.6 Spellcasting
 + Level 5.4 Conjurations
 + Level 5.4 Hexes
 + Level 5.4 Charms
 + Level 5.4 Summonings
 + Level 5.4 Necromancy
 + Level 5.4 Translocations
 + Level 5.4 Transmutations
 + Level 5.4 Fire Magic
 + Level 5.4 Ice Magic
 + Level 5.4 Air Magic
 + Level 5.4 Earth Magic
 + Level 5.4 Poison Magic
 + Level 7.2 Invocations
 + Level 6.6 Evocations


You had 18 spell levels left.
You knew the following spells:

 Your Spells              Type           Power        Failure   Level  Hunger
a - Blink                 Tloc           N/A          9%          2    None
d - Mephitic Cloud        Conj/Pois/Air  ####....     17%         3    #......

Your spell library contained the following spells:

 Spells                   Type           Power        Failure   Level  Hunger
 Magic Dart               Conj           ####         6%          1    None
 Summon Small Mammal      Summ           ####         6%          1    None
 Call Imp                 Summ           ####....     9%          2    None
 Slow                     Hex            ####....     9%          2    None
 Call Canine Familiar     Summ           ####....     17%         3    #......
 Conjure Flame            Conj/Fire      ####....     17%         3    #......
 Summon Guardian Golem    Hex/Summ       ####....     17%         3    #......
 Summon Ice Beast         Ice/Summ       ####....     50%         4    ###....
 Summon Lightning Spire   Summ/Air       ####....     50%         4    ###....


Dungeon Overview and Level Annotations

Branches:
Dungeon (8/15)             Temple (1/1) D:6            Lair (3/6) D:8
  Snake (0/4) Lair:2       Bailey (visited)
  Swamp: Lair:2-4    Shoals: Lair:2-4

Altars:
Ashenzari
Cheibriados
Dithmenos
Elyvilon
Gozag
Hepliaklqana
Sif Muna
Trog
Vehumet
Wu Jian
Zin
The Shining One

Shops:
D:7 [

Annotations:
D:8 Psyche


Innate Abilities, Weirdness & Mutations

Your experience applies equally to all skills.
You have very sharp teeth.
Your uncanny sense of smell can sniff out nearby items.


Message History

You feel stronger.
The +3 mace "Chiseanne's Death" {freeze, rElec Str+6} glows with a cold blue light!
s - the +3 mace "Chiseanne's Death" (weapon)
{freeze, rElec Str+6} The swamp worm bites you but does no damage.
The swamp worm bites you!
* * * LOW HITPOINT WARNING * * *
You sock the swamp worm! You freeze the swamp worm.
You kill the swamp worm!
The eight-headed hydra bites you but does no damage.
The eight-headed hydra closely misses you. x2
The eight-headed hydra bites you.
* * * LOW HITPOINT WARNING * * *
The eight-headed hydra bites you but does no damage. x2
The eight-headed hydra closely misses you.
The eight-headed hydra bites you but does no damage.
You block the five-headed hydra's attack.
The five-headed hydra bites you but does no damage.
The five-headed hydra bites you!
You die...
Your body crumbles into a pile of gold.

#P..♣≈≈≈≈≈≈...♣
#..P♣≈≈≈≈≈≈≈≈♣♣
##.♣♣≈≈≈≈≈≈≈♣♣
##.#♣♣≈≈≈≈...♣
#..#♣♣♣♣♣§..♣♣
#...♣♣§§§§.♣♣ #...
##.♣♣♣§§♣♣♣♣ #...
#...♣♣§§♣ #...
##.♣♣@D♣♣♣.§. #...
##P..♣Dw§≈≈§§§§ #...
#....♣§§§§≈§§§§ #...
###..♣♣§§§§§§§♣ ###...
#....♣..§♣♣§§. ##.....
##...♣♣.... §.♣♣......
#.....♣♣♣.§.♣♣♣..#...#
##......♣♣♣♣♣....#####
#...........♣..##


You could see an eight-headed hydra, a five-headed hydra and a swamp worm.

Vanquished Creatures
  2 black mambas
  2 spiny frogs (Lair:1)
  4 komodo dragons
  Prince Ribbit (D:7)
  A hornet (D:7)
  4 blink frogs (Lair:2)
  4 hippogriffs
  A wyvern (Lair:2)
  10 yaks
  Grum (D:8)
  2 sky beasts
  4 vampire mosquitoes (D:8)
  5 nagas (Lair:2)
  A swamp worm (Lair:3)
  2 water moccasins
  A porcupine (Lair:2)
  An ice beast (D:8)
  An orc warrior (D:8)
  2 phantoms
  3 black bears (D:8)
  A necrophage (D:8)
  2 ogres
  4 wolves (D:8)
  3 crocodiles
  4 bullfrogs
  9 gnoll sergeants
  A water moccasin skeleton (D:7)
  6 killer bees (D:8)
  2 howler monkeys
  3 electric eels
  6 crimson imps
  2 quasits
  2 centaur zombies
  9 hounds
  5 jellies
  3 centaur skeletons
  5 orc priests
  6 gnoll shamans (Bailey)
  6 iguanas
  4 orc wizards
  Natasha (D:2)
  3 worker ants
  2 hound zombies
  2 hound skeletons
  14 gnolls (Bailey)
  7 adders
  2 shadow imps
  3 oozes
  An adder skeleton (D:4)
  A worm (D:2)
  3 dart slugs
  4 leopard geckos
  29 orcs
  A ball python (D:3)
  5 giant cockroaches
  7 goblins
  A hobgoblin (D:2)
  15 jackals
  A quokka (D:6)
  A bat (D:2)
  4 frilled lizards
  A jackal skeleton (D:5)
  A jackal zombie (D:8)
  6 kobolds
  2 rats
  2 plants
254 creatures vanquished.

Vanquished Creatures (collateral kills)
  A phantom (D:5)
  An ogre (D:5)
  An orc (D:5)
3 creatures vanquished.

Vanquished Creatures (others)
  A crocodile (D:7)
  A bullfrog skeleton (D:7)
  A quokka skeleton (D:7)
  2 fungi (Lair:2)
  4 plants
9 creatures vanquished.

Grand Total: 266 creatures vanquished

Notes
Turn   | Place    | Note
-------+----------+-------------------------------------------
     0 | D:1      | Chiseanne the Gnoll Wanderer began the quest for the Orb.
     0 | D:1      | Chiseanne set off with the following items: a +2 shortbow,
                  | 23 arrows, a potion of curing, a scroll of teleportation, a
                  | +0 robe, a ration
     0 | D:1      | Reached XP level 1. HP: 20/20 MP: 1/1
    90 | D:1      | Reached XP level 2. HP: 26/26 MP: 2/2
   315 | D:2      | Noticed Natasha
   318 | D:2      | Killed Natasha
   318 | D:2      | Reached skill level 1 in Invocations
   318 | D:2      | Reached XP level 3. HP: 25/31 MP: 2/4
   633 | D:3      | Reached skill level 1 in Short Blades
   633 | D:3      | Reached skill level 1 in Long Blades
   633 | D:3      | Reached skill level 1 in Axes
   633 | D:3      | Reached skill level 1 in Maces & Flails
   633 | D:3      | Reached skill level 1 in Polearms
   633 | D:3      | Reached skill level 1 in Staves
   633 | D:3      | Reached skill level 1 in Slings
   633 | D:3      | Reached skill level 1 in Crossbows
   633 | D:3      | Reached skill level 1 in Dodging
   633 | D:3      | Reached skill level 1 in Stealth
   633 | D:3      | Reached skill level 1 in Unarmed Combat
   633 | D:3      | Reached skill level 1 in Spellcasting
   633 | D:3      | Reached skill level 1 in Evocations
   696 | D:2      | Reached XP level 4. HP: 34/38 MP: 5/5
   826 | D:3      | Found a glowing silver altar of Zin.
  1162 | D:2      | Reached skill level 1 in Conjurations
  1162 | D:2      | Reached skill level 1 in Hexes
  1162 | D:2      | Reached skill level 1 in Charms
  1162 | D:2      | Reached skill level 1 in Summonings
  1162 | D:2      | Reached skill level 1 in Necromancy
  1162 | D:2      | Reached skill level 1 in Translocations
  1162 | D:2      | Reached skill level 1 in Transmutations
  1162 | D:2      | Reached skill level 1 in Fire Magic
  1162 | D:2      | Reached skill level 1 in Ice Magic
  1162 | D:2      | Reached skill level 1 in Air Magic
  1162 | D:2      | Reached skill level 1 in Earth Magic
  1162 | D:2      | Reached skill level 1 in Poison Magic
  1323 | D:4      | Got a bloodstained hand axe
  1336 | D:4      | Identified the +1 hand axe of Rotoqeg {vorpal, rElec Str+4
                  | Dex+3} (You found it on level 4 of the Dungeon)
  1496 | D:3      | Reached XP level 5. HP: 43/43 MP: 6/6
  1547 | D:4      | Noticed a phantom
  1567 | D:4      | Killed a phantom
  1567 | D:4      | Reached XP level 6. HP: 47/50 MP: 8/8
  1661 | D:4      | Reached skill level 5 in Fighting
  1661 | D:4      | Reached skill level 5 in Bows
  1836 | D:5      | Entered Level 5 of the Dungeon
  1837 | D:5      | Noticed a phantom
  1846 | D:4      | Reached XP level 7. HP: 44/56 MP: 10/10
  2155 | D:5      | Reached skill level 9 in Armour
  2162 | D:5      | Reached XP level 8. HP: 63/63 MP: 10/12
  2749 | D:6      | Learned a level 2 spell: Blink
  2753 | D:6      | Learned a level 3 spell: Mephitic Cloud
  3012 | D:6      | Found an ornate altar of the Wu Jian Council.
  3182 | D:6      | Reached XP level 9. HP: 69/69 MP: 14/14
  3310 | D:6      | Found a staircase to the Ecumenical Temple.
  3320 | Temple   | Entered the Ecumenical Temple
  3343 | Temple   | Became a worshipper of Gozag Ym Sagoz the Greedy
  3438 | D:7      | Found a shadowy altar of Dithmenos.
  3458 | D:7      | Found a flagged portal.
  3505 | D:7      | Noticed a hornet
  3535 | D:7      | Killed a hornet
  3624 | Bailey   | Entered a bailey
  3699 | Bailey   | Reached skill level 5 in Throwing
  3699 | Bailey   | Reached skill level 5 in Shields
  3914 | Bailey   | Reached skill level 5 in Invocations
  3942 | Bailey   | Got a transparent mace
  4512 | D:7      | Reached XP level 10. HP: 28/77 MP: 15/17
  4648 | D:7      | Noticed Prince Ribbit
  4665 | D:7      | Killed Prince Ribbit
  4697 | D:7      | Bought a +4 scale mail of fire resistance for 496 gold
                  | pieces
  4915 | D:8      | Reached skill level 5 in Short Blades
  4915 | D:8      | Reached skill level 5 in Long Blades
  4915 | D:8      | Reached skill level 5 in Axes
  4915 | D:8      | Reached skill level 5 in Maces & Flails
  4915 | D:8      | Reached skill level 5 in Polearms
  4915 | D:8      | Reached skill level 5 in Staves
  4915 | D:8      | Reached skill level 5 in Slings
  4915 | D:8      | Reached skill level 5 in Crossbows
  4915 | D:8      | Reached skill level 5 in Dodging
  4915 | D:8      | Reached skill level 5 in Stealth
  4915 | D:8      | Reached skill level 5 in Unarmed Combat
  4915 | D:8      | Reached skill level 5 in Spellcasting
  4915 | D:8      | Reached skill level 5 in Evocations
  5194 | D:8      | Found a shimmering blue altar of Sif Muna.
  5217 | D:8      | Noticed a death yak
  5221 | D:8      | Reached skill level 10 in Armour
  5221 | D:8      | Noticed Psyche
  5403 | D:8      | Noticed a death yak
  5409 | D:8      | Noticed a death yak
  5423 | D:8      | Noticed a death yak
  5427 | D:8      | Noticed a death yak
  5427 | D:8      | Noticed a death yak
  5769 | D:8      | Found a staircase to the Lair.
  5791 | D:8      | Noticed Grum
  5827 | D:8      | Killed Grum
  5946 | Lair:1   | Entered Level 1 of the Lair of Beasts
  6092 | D:8      | Reached XP level 11. HP: 66/84 MP: 19/19
  6704 | Lair:2   | Reached skill level 5 in Conjurations
  6704 | Lair:2   | Reached skill level 5 in Hexes
  6704 | Lair:2   | Reached skill level 5 in Charms
  6704 | Lair:2   | Reached skill level 5 in Summonings
  6704 | Lair:2   | Reached skill level 5 in Necromancy
  6704 | Lair:2   | Reached skill level 5 in Translocations
  6704 | Lair:2   | Reached skill level 5 in Transmutations
  6704 | Lair:2   | Reached skill level 5 in Fire Magic
  6704 | Lair:2   | Reached skill level 5 in Ice Magic
  6704 | Lair:2   | Reached skill level 5 in Air Magic
  6704 | Lair:2   | Reached skill level 5 in Earth Magic
  6704 | Lair:2   | Reached skill level 5 in Poison Magic
  7587 | Lair:2   | Found a staircase to the Snake Pit.
  7639 | Lair:2   | Identified the +3 mace "Chiseanne's Death" {freeze, rElec
                  | Str+6} (You found it in a bailey)
  7831 | Lair:3   | Noticed a five-headed hydra
  7832 | Lair:3   | Noticed an eight-headed hydra
  7838 | Lair:3   | Slain by a five-headed hydra

Levels and vault maps discovered:
D:1:      wander_arrival_lonely_grave, layout_loops_ring
D:2:      layout_basic, uniq_natasha
D:3:      layout_basic, nicolae_overflow_crystal_walls
D:4:      layout_layer_cave
D:5:      layout_loops_ring, first_ration
D:6:      layout_rooms, lemuel_doored_altar, minmay_temple_entry_proselytizer
D:7:      layout_basic, grunt_dithmenos_smoke, enter_bailey_8,
          minmay_increasing_density, uniq_prince_ribbit1
D:8:      layout_rooms, led_sif_pool, dpeg_lair_monsters, serial_bayou,
          serial_bayou_pond_d, serial_bayou_pond_c, serial_bayou_ford_a,
          serial_bayou_shore_a, blue_anna_alchemist [blue_anna_fruit_fields,
          blue_anna_fruit_fields], chequers_serial_rivers_micro_a,
          wad_floor_pattern_1, uniq_psyche, uniq_grum
Temple:   regret_index_temple_mists
Lair:1:   statuecave_lemuel, layout_loops_ring
Lair:2:   lemuel_ratsnest, layout_misc_corridors,
          minmay_snake_entry_guardpost_medium, serial_bayou,
          serial_bayou_pond_c, serial_bayou_pond_b, serial_bayou_lagoon_a,
          serial_bayou_pond_b
Lair:3:   layout_chaotic_city, palyth_hydra_swamp_entry,
          ebering_ghost_inner_flame

Skill      XL: |  1  2  3  4  5  6  7  8  9 10 11 |
---------------+----------------------------------+-----
Invocations    | 1 2 3 4 5 6 7 |  7.2
Short Blades   | 1 2 3 4 5 6 |  6.6
Long Blades    | 1 2 3 4 5 6 |  6.6
Axes           | 1 2 3 4 5 6 |  6.6
Maces & Flails | 1 2 3 4 5 6 |  6.6
Polearms       | 1 2 3 4 5 6 |  6.6
Staves         | 1 2 3 4 5 6 |  6.6
Slings         | 1 2 3 4 5 6 |  6.6
Crossbows      | 1 2 3 4 5 6 |  6.6
Dodging        | 1 2 3 4 5 6 |  6.6
Stealth        | 1 2 3 4 5 6 |  6.6
Unarmed Combat | 1 2 3 4 5 6 |  6.6
Spellcasting   | 1 2 3 4 5 6 |  6.6
Evocations     | 1 2 3 4 5 6 |  6.6
Conjurations   | 1 2 3 4 5 |  5.4
Hexes          | 1 2 3 4 5 |  5.4
Charms         | 1 2 3 4 5 |  5.4
Summonings     | 1 2 3 4 5 |  5.4
Necromancy     | 1 2 3 4 5 |  5.4
Translocations | 1 2 3 4 5 |  5.4
Transmutations | 1 2 3 4 5 |  5.4
Fire Magic     | 1 2 3 4 5 |  5.4
Ice Magic      | 1 2 3 4 5 |  5.4
Air Magic      | 1 2 3 4 5 |  5.4
Earth Magic    | 1 2 3 4 5 |  5.4
Poison Magic   | 1 2 3 4 5 |  5.4
Throwing       | 3 4 5 6 7 |  7.1
Shields        | 3 4 5 6 7 |  7.1
Fighting       | 5 6 7 8 |  8.1
Bows           | 5 6 7 8 |  8.1
Armour         | 9 10 | 10.7

Action                   |  1- 3 |  4- 6 |  7- 9 | 10-12 || total
-------------------------+-------+-------+-------+-------++-------
Melee: Short sword       |    10 |    57 |       |       ||    67
       Bite              |     3 |    18 |    56 |    63 ||   140
       Hand axe          |       |    78 |   301 |    55 ||   434
       Punch             |       |     1 |     3 |       ||     4
       Long sword        |       |       |    18 |   411 ||   429
       Mace              |       |       |       |     1 ||     1
 Fire: Shortbow          |    48 |    30 |    90 |       ||   168
Throw: Dart              |       |       |     1 |    36 ||    37
       Boomerang         |       |       |       |    13 ||    13
 Cast: Mephitic Cloud    |       |       |       |     2 ||     2
Invok: Potion Petition   |       |       |     1 |       ||     1
       Call Merchant     |       |       |       |     1 ||     1
Evoke: Wand              |       |       |     8 |    15 ||    23
  Use: Scroll            |       |     9 |     3 |    14 ||    26
       Potion            |       |       |     5 |     2 ||     7
 Stab: Sleeping          |       |       |     8 |     1 ||     9
       Distracted        |       |       |     2 |     1 ||     3
       Confused          |       |       |       |     4 ||     4
  Eat: Chunk             |       |     3 |     5 |       ||     8
       Ration            |       |       |     2 |     4 ||     6
Armor: Ring mail         |    17 |    25 |       |       ||    42
       Robe              |     1 |       |       |       ||     1
       Scale mail        |       |    48 |   222 |   296 ||   566
Dodge: Dodged            |    18 |    99 |   311 |   264 ||   692
Block: Kite shield       |       |       |       |   298 ||   298
       Rpst.: Long sword |       |       |     2 |    73 ||    75

Table legend:
 A = Non-vault XP
 B = Vault XP
 C = Vault XP percentage of total XP
 D = Non-vault monster count
 E = Vault monster count
 F = Vault count percentage of total count
                 A         B        C        D         E       F
            +---------+---------+-------+---------+---------+-------
      Total |   12404 |    5041 |  28.9 |     199 |      56 |  22.0
            +---------+---------+-------+---------+---------+-------
        D:1 |       8 |       0 |   0.0 |       6 |       0 |   0.0
        D:2 |      64 |      35 |  35.4 |      19 |       1 |   5.0
        D:3 |      45 |       0 |   0.0 |      17 |       0 |   0.0
        D:4 |     531 |       0 |   0.0 |      21 |       0 |   0.0
        D:5 |     930 |       0 |   0.0 |      29 |       0 |   0.0
        D:6 |     764 |      44 |   5.4 |      21 |       1 |   4.5
        D:7 |     779 |     507 |  39.4 |      19 |       7 |  26.9
        D:8 |    3785 |     658 |  14.8 |      44 |       5 |  10.2
     Lair:1 |    1819 |     610 |  25.1 |       7 |       2 |  22.2
     Lair:2 |    3235 |    1060 |  24.7 |      15 |       7 |  31.8
     Lair:3 |     444 |     899 |  66.9 |       1 |       3 |  75.0
     Bailey |       0 |    1228 | 100.0 |       0 |      30 | 100.0
            +---------+---------+-------+---------+---------+-------
